 Dungeon Crawl Stone Soup version 0.22.1 (webtiles) character file.

237997 Lavandula the Severer (level 18, -22/176 HPs)
             Began as a Centaur Berserker on Sept 14, 2018.
             Was a High Priest of Trog.
             Killed from afar by a rakshasa (illusionary) (27 damage)
             ... with an orb of energy
             ... on level 2 of the Vaults on Sept 19, 2018.
             The game lasted 02:19:58 (16924 turns).

Lavandula the Severer (Centaur Berserker)          Turns: 16924, Time: 02:20:15

Health: -22/176    AC: 17    Str: 32    XL:     18   Next: 55%
Magic:  22/22      EV: 14    Int:  6    God:    Trog [*****.]
Gold:   1051       SH:  0    Dex: 16    Spells: 17/17 levels left

rFire    + + .     SeeInvis +   Q - +7 battleaxe of Veunac {flame, *Drain rF+ Str+2 Dex+4}
rCold    + + .     Gourm    .   (shield currently unavailable)
rNeg     + . .     Faith    .   e - +0 troll leather armour
rPois    +         Spirit   .   (helmet restricted)
rElec    .         Reflect  .   s - +2 cloak {rC+}
rCorr    .         Harm     +   U - +1 pair of gloves {Dex+3}
MR       +++..     Clarity  +   a - +2 centaur barding {rC+}
Stlth    +.........             P - amulet of harm
HPRegen  1.79/turn              t - ring of Astiehek {rPois rF+ Str+2 SInv}
MPRegen  0.18/turn              m - ring of positive energy

@: marked, very slightly contaminated, starving, regenerating, very quick
A: large, hooves 3, horns 1, clarity, deformed body, speed 2, tough skin 3
}: 2/15 runes: decaying, gossamer
a: Berserk, Trog's Hand, Brothers in Arms, Renounce Religion


You were on level 2 of the Vaults.
You worshipped Trog.
Trog was extremely pleased with you.
You were starving.

You visited 7 branches of the dungeon, and saw 36 of its levels.
You visited the Abyss 1 time.
You also visited: Ice Cave.

You collected 1936 gold pieces.
You spent 885 gold pieces at shops.

Inventory:

Hand Weapons
 n - a +2 battleaxe of holy wrath
 Q - the +7 battleaxe of Veunac (weapon) {flame, *Drain rF+ Str+2 Dex+4}
   (You found it in an ice cave)

   It has been specially enchanted to burn those struck by it, causing extra
   injury to most foes and up to half again as much damage against particularly
   susceptible opponents.
   Big, fiery blades are also staple armaments of hydra-hunters.
   It affects your strength (+2).
   It affects your dexterity (+4).
   It protects you from fire.
   It causes draining when unequipped.
Missiles
 j - 4 steel javelins (quivered)
 F - 4 curare-tipped needles
 K - 2 throwing nets
Armour
 a - a +2 centaur barding of cold resistance (worn)
 e - a +0 troll leather armour (worn)
 k - +0 ice dragon scales
 s - a +2 cloak of cold resistance (worn)
 U - a +1 pair of gloves of dexterity (worn)
 Y - the +1 helmet of Sin {rF+}
   (You bought it in a shop on level 10 of the Dungeon)

   It protects you from fire.
Jewellery
 m - a ring of positive energy (right hand)
 r - a +3 ring of protection
 t - the ring of Astiehek (left hand) {rPois rF+ Str+2 SInv}
   (You found it on level 6 of the Lair of Beasts)

   [ring of see invisible]

   It affects your strength (+2).
   It protects you from fire.
   It protects you from poison.
   It lets you see invisible.
 L - an uncursed ring of protection from fire
 P - an amulet of harm (around neck)
Wands
 b - a wand of polymorph (17)
 o - a wand of iceblast (20)
 v - a wand of paralysis (39)
 x - a wand of enslavement (7)
 A - a wand of disintegration (6)
 C - a wand of digging (27)
 G - a wand of flame (22)
 H - a wand of acid (1)
 N - a wand of scattershot (5)
 R - a wand of clouds (12)
Scrolls
 g - 6 scrolls of immolation
 q - a scroll of amnesia
 u - a scroll of magic mapping
 B - 2 scrolls of teleportation
 E - a scroll of torment {unknown}
 S - 4 scrolls of enchant weapon {unknown}
 V - 2 scrolls of fear
 W - 4 scrolls of remove curse
 X - 2 scrolls of fog {unknown}
Potions
 d - 5 potions of curing
 f - 5 potions of mutation
 h - a potion of lignification {unknown}
 i - 7 potions of ambrosia
 p - a potion of degeneration {unknown}
 w - a potion of magic {unknown}
 z - a potion of brilliance
 D - 5 potions of haste
 I - 2 potions of berserk rage {unknown}
 J - 2 potions of might
 M - a potion of resistance
 O - 3 potions of invisibility {unknown}
 T - 5 potions of flight {unknown}
Miscellaneous
 y - a phial of floods
Comestibles
 c - 23 rations


   Skills:
 - Level 19.0 Fighting
 - Level 20.0 Axes
 - Level 5.2 Throwing
 - Level 4.1 Armour
 + Level 10.2 Dodging
 - Level 6.2 Evocations


You had 17 spell levels left.
You didn't know any spells.
Your spell library contained the following spells:

 Spells                   Type           Power        Failure   Level  Hunger
 Apportation              Tloc           #.....       50%         1    ##.....
 Confusing Touch          Hex            #.....       50%         1    ##.....
 Flame Tongue             Conj/Fire      #....        50%         1    ##.....
 Sting                    Conj/Pois      #...         50%         1    ##.....
 Summon Butterflies       Summ           #.......     50%         1    ##.....
 Poisonous Vapours        Pois/Air       #.....       63%         2    ###....
 Throw Flame              Conj/Fire      #.....       63%         2    ###....
 Confuse                  Hex            #.......     86%         3    ####...
 Conjure Flame            Conj/Fire      #.......     86%         3    ####...
 Gell's Gravitas          Tloc           #.........   86%         3    ####...
 Inner Flame              Hex/Fire       #.......     86%         3    ####...
 Lesser Beckoning         Tloc           #.........   86%         3    ####...
 Mephitic Cloud           Conj/Pois/Air  #.......     86%         3    ####...
 Recall                   Summ/Tloc      N/A          86%         3    ####...
 Tukima's Dance           Hex            #.......     86%         3    ####...
 Animate Dead             Necr           N/A          99%         4    #####..
 Ice Form                 Ice/Tmut       #.......     99%         4    #####..
 Olgreb's Toxic Radiance  Pois           #.......     99%         4    #####..
 Petrify                  Tmut/Erth      #.......     99%         4    #####..
 Sticky Flame             Conj/Fire      #.......     99%         4    #####..
 Alistair's Intoxication  Tmut/Pois      #.......     100%        5    ######.
 Borgnjor's Vile Clutch   Necr/Erth      #.........   100%        5    ######.
 Fireball                 Conj/Fire      #.........   100%        5    ######.
 Metabolic Englaciation   Hex/Ice        #.........   100%        5    ######.
 Venom Bolt               Conj/Pois      #.........   100%        5    ######.
 Yara's Violent Unravell  Hex/Tmut       #.........   100%        5    ######.
 Bolt of Cold             Conj/Ice       #.........   100%        6    #######
 Death Channel            Necr           #.........   100%        6    #######
 Freezing Cloud           Conj/Ice/Air   #.........   100%        6    #######
 Invisibility             Hex            #.......     100%        6    #######
 Ozocubu's Refrigeration  Ice            #.........   100%        6    #######
 Simulacrum               Ice/Necr       #.........   100%        6    #######


Dungeon Overview and Level Annotations

Branches:
Dungeon (14/15)            Temple (0/1) D:5            Lair (6/6) D:9
  Swamp (4/4) Lair:2       Spider (4/4) Lair:2          Orc (2/2) D:10
    Elf (0/3) Orc:2        Vaults (4/5) D:14          Crypt (2/3) Vaults:3
  Slime: Lair:5-6

Altars:
Ru
Beogh

Shops:
D:5 }   D:10 %[!   Orc:2 [(*[

Annotations:
Vaults:3 Nefor's ghost, adept DsBe


Innate Abilities, Weirdness & Mutations

You have hooves in place of feet.
Armour fits poorly on your strangely shaped body.
You cover ground very quickly.
You have extremely tough skin. (AC +3)
You have a pair of small horns on your head.
You possess an exceptional clarity of mind.


Message History

* * * LOW HITPOINT WARNING * * *
The rakshasa draws strength from your wounds!
You see here a bolt.
Unknown command.
Okay, then.
Welcome back, Lavandula the Centaur Berserker.
Trog says: Kill them all!
Press ? for a list of commands and other information.
Okay, then.
Okay, then.
Okay, then.
Blink to where?
Press: ? - help, Dir - move target cursor You are very lightly contaminated with residual magic.
As you read the scroll of blinking, it crumbles to dust.
Your two-headed ogre barely misses the rakshasa.
Your two-headed ogre hits the rakshasa with a giant club!!
The rakshasa gestures at you. The orb of energy hits you!
You die...

#p....... #OOc†....
###########ezO.....
#........§#)Y...[..
#.......R)(Opp.....
#.......Oe#c.....).
#.........#...#####
#.........#...#
#.@.......#...#
###########...# #...#
#############...#
#...........# #
#.....#.....#...# #
###+###
#....###....#...# +
......#
#...........#...# #
......#
#..#.....#..#...###+#


You could see a rakshasa, a deep elf knight (invisible) and a friendly
two-headed ogre (berserk).

Vanquished Creatures
  the Lernaean hydra (Swamp:4)
  Saint Roka (Orc:2)
  Bai Suzhen (Crypt:2)
  Jory (Crypt:2)
  A sphinx (Vaults:3)
  Gastronok (Lair:3)
  Agnes (Spider:4)
  3 thorn hunters
  Kirke (D:13)
  Donald (Crypt:2)
  A ghost moth (shapeshifter) (Vaults:1)
  A frost giant (IceCv)
  2 ghost moths (Spider:4)
  2 emperor scorpions (Spider:4)
  Louise (Swamp:2)
  An ironheart preserver (Vaults:1)
  3 ghouls (Crypt:2)
  2 stone giants
  7 entropy weavers
  2 deep elf demonologists (Vaults:1)
  A vampire knight (Crypt:2)
  2 spark wasps
  2 eidola
  4 deep elf death magi
  An ettin (Vaults:3)
  3 jiangshi (Crypt:2)
  2 great orbs of eyes
  4 vault guards (D:14)
  A rakshasa (Vaults:2)
  An ice dragon (Vaults:3)
  14 hydras
  4 catoblepae (Lair:6)
  12 alligators
  2 centaur warriors (Vaults:2)
  An ogre mage (Vaults:3)
  2 death knights
  A ghost crab (Swamp:4)
  11 two-headed ogres
  18 death yaks
  4 orc high priests
  A vampire mage (Crypt:2)
  A titan zombie (Crypt:2)
  A deep elf knight (Vaults:1)
  Sonja (D:10)
  2 unseen horrors
  2 sixfirhies (Abyss:3)
  14 skeletal warriors
  3 flayed ghosts
  2 glowing orange brains
  11 swamp dragons
  An unseen horror (shapeshifter) (Vaults:2)
  3 wizards
  5 orc knights
  3 phantasmal warriors
  3 ironbrand convokers
  10 orb spiders
  18 ugly things
  5 deep elf magi
  21 wolf spiders
  4 orc sorcerers (Orc:2)
  A moth of wrath (Spider:1)
  4 manticores
  2 vault sentinels
  An ice statue (IceCv)
  4 torpor snails
  2 black mambas (Lair:6)
  A frost giant skeleton (Crypt:2)
  A centaur skeleton (D:12)
  A gargoyle (D:14)
  3 smoke demons (Abyss:3)
  2 rime drakes
  A pale draconian zombie (Crypt:1)
  9 spiny frogs
  5 yaktaurs (Vaults:1)
  An efreet (D:11)
  6 komodo dragons
  8 freezing wraiths
  A yaktaur (shapeshifter) (Vaults:3)
  5 demonic crawlers
  2 hellwings (Abyss:3)
  31 jumping spiders
  3 trolls
  5 tyrant leeches
  19 polar bears
  2 bog bodies
  6 hornets
  7 slime creatures
  7 dream sheep (Lair:6)
  5 hippogriffs
  79 redbacks
  An orc simulacrum (Vaults:1)
  A shadow (Swamp:3)
  19 tarantellas
  A vampire (D:11)
  6 spriggans (Lair:2)
  A basilisk (Lair:1)
  4 wraiths
  42 yaks
  2 wyverns
  A black mamba skeleton (Crypt:1)
  9 vampire mosquitoes
  5 wargs
  A monstrous demonspawn zombie (Crypt:1)
  3 swamp worms
  3 insubstantial wisps (Swamp:2)
  3 water moccasins
  6 porcupines
  27 orc warriors
  3 ice beasts
  6 swamp drakes (Swamp:4)
  3 sky beasts
  An eye of draining (D:9)
  3 necrophages
  2 phantoms
  4 boggarts (Vaults:1)
  9 ogres
  6 centaurs
  49 wolves
  7 crocodiles
  A snapping turtle skeleton (Crypt:1)
  3 big kobolds
  9 bullfrogs
  A water moccasin zombie (D:9)
  A gnoll sergeant (D:12)
  A hippogriff skeleton (Crypt:1)
  An elf simulacrum (Vaults:1)
  An elf skeleton (Crypt:1)
  A wyvern zombie (D:7)
  7 scorpions
  5 killer bees (D:10)
  8 wights
  6 howler monkeys
  A warg skeleton (Crypt:1)
  8 electric eels
  2 crimson imps (D:8)
  2 quasits
  A centaur zombie (Crypt:1)
  2 jellies
  12 orc priests
  3 bullfrog skeletons
  2 demonspawn zombies (Crypt:2)
  A gnoll shaman (D:10)
  7 hounds
  27 orc wizards
  Terence (D:3)
  2 iguanas
  6 worker ants
  An ogre skeleton (Crypt:2)
  A hound zombie (D:7)
  A hound skeleton (D:4)
  A worker ant zombie (D:5)
  15 gnolls
  A howler monkey skeleton (D:8)
  5 adders
  4 shadow imps
  12 white imps (Lair:6)
  An adder zombie (D:9)
  3 worms
  A dart slug (D:1)
  6 leopard geckos
  63 orcs
  4 bats
  5 giant cockroaches
  2 goblins
  4 hobgoblins
  12 jackals
  4 quokkas
  2 ball pythons
  3 frilled lizards (D:3)
  A goblin skeleton (Crypt:1)
  A jackal zombie (D:7)
  16 kobolds
  A leopard gecko zombie (D:9)
  2 rats
  3 fungi
  4 plants
988 creatures vanquished.

Vanquished Creatures (collateral kills)
  A vampire knight (Crypt:2)
  A hydra (Lair:3)
  A death yak (Lair:6)
  A spriggan (Swamp:4)
  A statue (Abyss:3)
  2 orb spiders (Spider:4)
  A deep elf mage (Abyss:3)
  A smoke demon (Abyss:3)
  A troll (Orc:2)
  A tyrant leech (Swamp:4)
  A slime creature (Swamp:4)
  A hornet (Swamp:4)
  A basilisk (Lair:2)
  A water moccasin (Lair:2)
  2 orc warriors (Orc:2)
  A bullfrog (Lair:2)
  A human skeleton (Crypt:2)
  2 orcs (Orc:2)
21 creatures vanquished.

Vanquished Creatures (others)
  A hydra (Swamp:4)
  A deep elf mage (Abyss:3)
  An ugly thing (D:13)
  A moth of wrath (Spider:4)
  2 swamp drakes (Swamp:4)
  6 briar patches
  3 fungi
  19 plants
  6 toadstools (D:6)
40 creatures vanquished.

Grand Total: 1049 creatures vanquished

Notes
Turn   | Place    | Note
-------+----------+-------------------------------------------
     0 | D:1      | Lavandula the Centaur Berserker began the quest for the
                  | Orb.
     0 | D:1      | Reached XP level 1. HP: 19/19 MP: 1/1
    11 | D:1      | Reached skill level 3 in Axes
    70 | D:2      | Reached XP level 2. HP: 13/26 MP: 2/2
   202 | D:2      | Reached XP level 3. HP: 27/31 MP: 3/3
   204 | D:2      | Reached skill level 4 in Axes
   432 | D:3      | Noticed Terence
   437 | D:3      | Reached XP level 4. HP: 14/38 MP: 4/4
   440 | D:3      | Killed Terence
   593 | D:3      | Reached ** piety under Trog
   744 | D:4      | Reached skill level 5 in Axes
   744 | D:4      | Reached XP level 5. HP: 35/45 MP: 5/5
  1046 | D:5      | Entered Level 5 of the Dungeon
  1077 | D:4      | Reached skill level 6 in Axes
  1273 | D:5      | Noticed an ogre
  1294 | D:5      | Killed an ogre
  1294 | D:5      | Reached XP level 6. HP: 51/51 MP: 6/6
  1317 | D:5      | Found a staircase to the Ecumenical Temple.
  1405 | D:5      | Reached skill level 7 in Axes
  1490 | D:5      | Noticed a sky beast
  1544 | D:5      | Found Toinic's Gadget Emporium.
  1814 | D:6      | Reached XP level 7. HP: 57/57 MP: 7/7
  1933 | D:6      | Reached skill level 8 in Axes
  2005 | D:6      | Found a sacrificial altar of Ru.
  2238 | D:7      | HP: 2/57 [gnoll/spear (8)]
  2246 | D:7      | HP: 2/57 [poisoned by a kobold]
  2540 | D:7      | Reached skill level 9 in Axes
  2540 | D:7      | Reached XP level 8. HP: 44/63 MP: 8/8
  2814 | D:7      | Reached skill level 10 in Axes
  2896 | D:7      | Reached *** piety under Trog
  3308 | D:8      | Reached skill level 11 in Axes
  3308 | D:8      | Reached XP level 9. HP: 25/69 MP: 9/9
  3476 | D:8      | Reached **** piety under Trog
  3541 | D:9      | Noticed a troll
  3553 | D:9      | Killed a troll
  3553 | D:9      | Reached skill level 12 in Axes
  3754 | D:10     | Entered Level 10 of the Dungeon
  3869 | D:9      | Upgraded the game from 0.22.0-75-g3901e79 to
                  | 0.22.0-78-g6c94d2c
  3947 | D:9      | Noticed a troll
  3957 | D:9      | Killed a troll
  4046 | D:9      | Found a staircase to the Lair.
  4067 | D:9      | Reached skill level 13 in Axes
  4155 | D:9      | Reached XP level 10. HP: 51/76 MP: 10/10
  4452 | D:10     | Found Wioj's Distillery.
  4455 | D:10     | Bought a potion of heal wounds for 75 gold pieces
  4455 | D:10     | Bought a potion of might for 60 gold pieces
  4455 | D:10     | Bought a potion of ambrosia for 120 gold pieces
  4482 | D:10     | Noticed Sonja
  4505 | D:10     | Killed Sonja
  4572 | D:10     | Found Icucven's Food Emporium.
  4616 | D:10     | Noticed a purple ugly thing
  4687 | D:10     | Found Reuxuxoh's Armour Shop.
  4713 | D:10     | Killed an unseen horror
  4713 | D:10     | Reached skill level 14 in Axes
  4725 | D:10     | Found a staircase to the Orcish Mines.
  4740 | Orc:1    | Entered Level 1 of the Orcish Mines
  5080 | D:11     | Noticed a brown ugly thing
  5088 | D:11     | Killed a brown ugly thing
  5197 | D:10     | Noticed a two-headed ogre
  5211 | D:10     | Killed a two-headed ogre
  5211 | D:10     | Reached skill level 15 in Axes
  5211 | D:10     | Reached XP level 11. HP: 81/81 MP: 11/11
  5274 | D:10     | Killed a purple ugly thing
  5489 | Orc:1    | Found a roughly hewn altar of Beogh.
  5650 | Orc:1    | Reached ***** piety under Trog
  5684 | Orc:1    | Noticed an orc knight
  5698 | Orc:1    | Killed an orc knight
  5859 | Orc:2    | Entered Level 2 of the Orcish Mines
  5859 | Orc:2    | Found a staircase to the Elven Halls.
  5903 | Orc:2    | Received a gift from Trog
  5917 | Orc:2    | Found a roughly hewn altar of Beogh.
  5926 | Orc:2    | Noticed an orc knight
  5951 | Orc:2    | Killed an orc knight
  5999 | Orc:2    | Found Vyecaik's Assorted Antiques.
  6004 | Orc:2    | Bought a scroll labeled MOTUEG YRYN for 35 gold pieces
  6004 | Orc:2    | Bought a blackened lead wand for 140 gold pieces
  6026 | Orc:2    | Found a roughly hewn altar of Beogh.
  6027 | Orc:2    | Found Eqymuc's Antique Armour Boutique.
  6127 | Orc:2    | Reached skill level 16 in Axes
  6146 | Orc:2    | Noticed an orc high priest
  6207 | Orc:2    | Noticed an orc knight
  6224 | Orc:2    | Killed an orc knight
  6311 | Orc:2    | Noticed an orc high priest
  6311 | Orc:2    | Noticed an orc high priest
  6340 | Orc:2    | Killed an orc high priest
  6346 | Orc:2    | Killed an orc high priest
  6346 | Orc:2    | Killed an orc high priest
  6409 | Orc:2    | Noticed an orc sorcerer
  6415 | Orc:2    | Noticed Saint Roka
  6420 | Orc:2    | Noticed a soul eater
  6433 | Orc:2    | Killed an orc sorcerer
  6433 | Orc:2    | Reached skill level 5 in Dodging
  6551 | Orc:2    | Noticed an orc sorcerer
  6564 | Orc:2    | Killed an orc sorcerer
  6693 | Orc:2    | Reached XP level 12. HP: 64/88 MP: 12/12
  6848 | D:10     | Bought the +1 helmet of Sin {rF+} for 305 gold pieces
  6899 | Orc:2    | Killed Saint Roka
  6964 | Orc:2    | Found Ehuhaly's Antique Armour Emporium.
  6965 | Orc:2    | Found a roughly hewn altar of Beogh.
  6971 | Orc:2    | Found Tumaipru's Antique Weapon Shoppe.
  7057 | Orc:2    | Found a roughly hewn altar of Beogh.
  7199 | Orc:2    | Found a roughly hewn altar of Beogh.
  7518 | Orc:2    | Found a roughly hewn altar of Beogh.
  7590 | D:10     | Bought a potion of haste for 150 gold pieces
  7625 | Lair:1   | Entered Level 1 of the Lair of Beasts
  7912 | Lair:2   | Found a hole to the Spider Nest.
  7967 | Lair:3   | Reached skill level 5 in Fighting
  7985 | Lair:3   | Received a gift from Trog
  8053 | Lair:3   | Noticed Gastronok
  8058 | Lair:3   | Noticed a six-headed hydra
  8074 | Lair:3   | Killed a six-headed hydra
  8151 | Lair:2   | Reached XP level 13. HP: 106/106 MP: 13/13
  8394 | Lair:2   | Found a staircase to the Swamp.
  8811 | Lair:4   | Reached skill level 5 in Throwing
  9155 | Lair:6   | Entered Level 6 of the Lair of Beasts
  9182 | Lair:6   | Reached skill level 17 in Axes
  9285 | Lair:6   | Found a frozen archway.
  9289 | Lair:6   | Received a gift from Trog
  9366 | IceCv    | Entered an ice cave
  9708 | IceCv    | Reached XP level 14. HP: 91/113 MP: 14/14
  9710 | IceCv    | Received a gift from Trog
  9752 | IceCv    | Noticed a frost giant
  9764 | IceCv    | Killed a frost giant
  9842 | IceCv    | YES
  9846 | IceCv    | Got a jewelled battleaxe
  9847 | IceCv    | Identified the +7 battleaxe of Veunac {flame, *Drain rF+
                  | Str+2 Dex+4} (You found it in an ice cave)
  9964 | Lair:6   | Reached skill level 18 in Axes
 10358 | Lair:6   | Reached skill level 19 in Axes
 10451 | Lair:6   | Got a scintillating bronze ring
 10453 | Lair:6   | Identified the ring of Astiehek {rPois rF+ Str+2 SInv} (You
                  | found it on level 6 of the Lair of Beasts)
 10613 | Lair:4   | Received a gift from Trog
 10796 | Lair:3   | Killed Gastronok
 10936 | Swamp:1  | Entered Level 1 of the Swamp
 11161 | Swamp:2  | Noticed Louise
 11191 | Swamp:2  | Killed Louise
 11363 | Swamp:2  | Reached XP level 15. HP: 120/120 MP: 15/15
 11382 | Swamp:3  | Noticed a thorn hunter
 11396 | Swamp:4  | Entered Level 4 of the Swamp
 11431 | Swamp:4  | Noticed a thorn hunter
 11491 | Swamp:4  | Reached skill level 20 in Axes
 11529 | Swamp:3  | Killed a thorn hunter
 11625 | Swamp:3  | Got a bronze ring mail
 11636 | Swamp:3  | Identified the cursed +0 ring mail of the Hurricane {MR+
                  | Str-2 Dex+5} (You found it on level 3 of the Swamp)
 11658 | Swamp:3  | Noticed a thorn hunter
 11676 | Swamp:3  | Killed a thorn hunter
 11782 | Swamp:4  | Killed a thorn hunter
 11818 | Swamp:4  | Reached skill level 10 in Fighting
 11891 | Swamp:4  | Noticed the 27-headed Lernaean hydra
 11927 | Swamp:4  | Killed the 26-headed Lernaean hydra
 11950 | Swamp:4  | HP: 6/129 [five-headed hydra (14)]
 12048 | Swamp:4  | Reached skill level 1 in Evocations
 12127 | Swamp:4  | Got a decaying rune of Zot
 12371 | Spider:1 | Entered Level 1 of the Spider Nest
 12417 | Spider:1 | Reached skill level 5 in Evocations
 12514 | Spider:2 | Reached XP level 16. HP: 75/139 MP: 20/20
 12706 | Spider:2 | Received a gift from Trog
 13144 | Spider:4 | Entered Level 4 of the Spider Nest
 13337 | Spider:4 | Received a gift from Trog
 13460 | Spider:4 | Received a gift from Trog
 13696 | Spider:4 | Noticed Agnes
 13707 | Spider:4 | Killed Agnes
 13944 | Spider:4 | Reached skill level 15 in Fighting
 14340 | Spider:4 | Reached XP level 17. HP: 137/157 MP: 16/21
 14361 | Spider:4 | Got a gossamer rune of Zot
 14877 | D:13     | Got a steaming crystal amulet
 14878 | D:13     | Identified the amulet "Bofre" {Gourm Str-5 SInv Stlth+}
                  | (You found it on level 13 of the Dungeon)
 14909 | D:12     | Received a gift from Trog
 14929 | D:12     | Cast into level 3 of the Abyss (a distortion unwield)
 15002 | D:12     | Escaped the Abyss
 15111 | D:13     | Noticed Kirke
 15120 | D:13     | Killed Kirke
 15208 | D:14     | Found a gate to the Vaults.
 15249 | Vaults:1 | Entered Level 1 of the Vaults
 15477 | Vaults:1 | Gained mutation: You have a pair of small horns on your
                  | head. [potion of mutation]
 15477 | Vaults:1 | Gained mutation: You possess an exceptional clarity of
                  | mind. [potion of mutation]
 15516 | Vaults:1 | Received a gift from Trog
 15868 | Vaults:3 | Found a runed gate.
 15881 | Vaults:3 | Found a runed gate.
 15881 | Vaults:3 | Found a runed gate.
 15883 | Vaults:3 | Found a roughly hewn altar of Beogh.
 15886 | Vaults:3 | Noticed Nefor's ghost (adept DsBe)
 16031 | Vaults:3 | HP: 2/166 [stone giant/large rock (50)]
 16257 | Vaults:3 | Received a gift from Trog
 16265 | Vaults:3 | Found a staircase to the Crypt.
 16273 | Vaults:3 | Upgraded the game from 0.22.0-78-g6c94d2c to 0.22.1
 16287 | Crypt:1  | Entered Level 1 of the Crypt
 16364 | Crypt:1  | Reached XP level 18. HP: 146/174 MP: 22/22
 16523 | Crypt:2  | Noticed Bai Suzhen
 16524 | Crypt:2  | Noticed Jory
 16531 | Crypt:2  | Killed Bai Suzhen
 16543 | Crypt:2  | Killed Jory
 16667 | Crypt:2  | Noticed Donald
 16676 | Crypt:2  | Killed Donald
 16896 | Vaults:2 | Reached skill level 10 in Dodging
 16903 | Vaults:2 | Received a gift from Trog
 16923 | Vaults:2 | HP: 3/176 [rakshasa (illusionary)/vampiric trident (12)]
 16924 | Vaults:2 | Killed from afar by a rakshasa (illusionary)

Skill      XL: |  1  2  3  4  5  6  7  8  9 10 11 12 13 14 15 16 17 18 |
---------------+-------------------------------------------------------+-----
Axes           | 3 4 5 6 7 9 11 13 15 16 17 19 20 | 20.0
Dodging        | 5 7 10 | 10.2
Armour         | 4 |  4.1
Fighting       | 7 11 15 18 19 | 19.0
Throwing       | 5 |  5.2
Evocations     | 5 6 |  6.2

Action                   |  1- 3 |  4- 6 |  7- 9 | 10-12 | 13-15 | 16-18 || total
-------------------------+-------+-------+-------+-------+-------+-------++-------
Melee: Hand axe          |    50 |     7 |   117 |       |       |       ||   174
       Kick              |     8 |    11 |    60 |   126 |   257 |   326 ||   788
       Trident           |       |    73 |   103 |       |       |       ||   176
       Flail             |       |     4 |       |       |       |       ||     4
       War axe           |       |       |   123 |   428 |   219 |       ||   770
       Battleaxe         |       |       |       |       |   382 |   724 ||  1106
       Headbutt          |       |       |       |       |       |    68 ||    68
Throw: Javelin           |       |       |       |       |     5 |       ||     5
Invok: Berserk           |     3 |     1 |    11 |    27 |    15 |    22 ||    79
       Trog's Hand       |       |       |     8 |    12 |    16 |    30 ||    66
       Brothers in Arms  |       |       |       |     5 |     6 |     9 ||    20
Evoke: Wand              |       |       |     3 |     6 |    19 |     2 ||    30
       Phial of floods   |       |       |       |       |     3 |     1 ||     4
  Use: Scroll            |       |       |     6 |     7 |    10 |     8 ||    31
       Potion            |       |       |       |     1 |     2 |     6 ||     9
 Stab: Paralysed         |       |       |       |     2 |       |       ||     2
       Petrifying        |       |       |       |       |     7 |       ||     7
       Petrified         |       |       |       |       |     5 |       ||     5
       Distracted        |       |       |       |       |       |     1 ||     1
  Eat: Chunk             |       |     5 |    17 |    33 |    22 |    30 ||   107
       Ration            |       |       |     1 |     2 |     4 |     5 ||    12
Armor: Animal skin       |    30 |     9 |    88 |       |       |       ||   127
       Leather armour    |       |       |    10 |       |       |       ||    10
       Troll leather arm |       |       |       |    77 |   190 |   350 ||   617
       Ice dragon scales |       |       |       |       |    40 |       ||    40
Dodge: Dodged            |    45 |    22 |   126 |   137 |   273 |   307 ||   910
